 Dungeon Crawl Stone Soup version 0.20-a0-556-g892c87b (webtiles) character file.

207 drasked the Magician (level 5, 0/28 HPs)
             Began as a Deep Elf Fire Elementalist on Feb 5, 2017.
             Succumbed to a scorpion's poison
             ... on level 3 of the Dungeon.
             The game lasted 00:10:41 (3549 turns).

drasked the Magician (Deep Elf Fire Elementalist)   Turns: 3549, Time: 00:10:41

Health: 0/28       AC:  2    Str:  5    XL:     5   Next: 54%
Magic:  4/14       EV: 13    Int: 21    God:
Gold:   179        SH:  0    Dex: 15    Spells: 11/14 levels left

rFire    . . .     SeeInvis .   q - +5 dagger (protect)
rCold    . . .     Gourm    .   a - +0 robe
rNeg     . . .     Faith    .   (no shield)
rPois    .         Spirit   .   (no helmet)
rElec    .         Reflect  .   (no cloak)
rCorr    .         Harm     .   (no gloves)
MR       .....                  (no boots)
Stlth    ++........             (no amulet)
Regen    0.1/turn               (no ring)
                                (no ring)

@: lethally poisoned (0 -> -20)
A: no striking features
a: no special abilities


You were on level 3 of the Dungeon.
You were not hungry.

You visited 1 branch of the dungeon, and saw 3 of its levels.

You collected 179 gold pieces.

Inventory:

Hand Weapons
 q - a +5 dagger of protection (weapon)
   (You took it off Ijyb on level 2 of the Dungeon)
 w - a +1 dagger of holy wrath
   (You took it off a goblin on level 3 of the Dungeon)
 A - a +1 dagger of protection
   (You took it off a goblin on level 3 of the Dungeon)
Armour
 a - a +0 robe (worn)
 x - a +0 helmet
   (You took it off Robin on level 3 of the Dungeon)
Jewellery
 o - an uncursed ring of fire {unknown}
   (You found it on level 1 of the Dungeon)
Wands
 v - a wand of random effects (18/48)
   (You found it on level 3 of the Dungeon)
Scrolls
 d - a scroll of fear {unknown}
 f - 4 scrolls of identify {unknown}
 g - a scroll of immolation {unknown}
 l - 2 scrolls of remove curse {unknown}
 n - a scroll of fog {unknown}
 t - 2 scrolls of enchant armour {unknown}
 u - a scroll of amnesia {unknown}
 y - a scroll of noise {unknown}
Potions
 e - a potion of might {unknown}
 j - a potion of haste {unknown}
 k - 3 potions of flight {unknown}
 m - a potion of heal wounds {unknown}
 p - 2 potions of berserk rage {unknown}
 r - 2 potions of curing {unknown}
Books
 b - a book of Flames
 i - a book of Minor Magic
   (You found it on level 2 of the Dungeon)
Comestibles
 c - 3 bread rations {@e1}
 h - a royal jelly
 s - a meat ration {@e2}


   Skills:
 - Level 2.4 Dodging
 - Level 2.4 Stealth
 + Level 5.2 Spellcasting
 + Level 3.1 Conjurations
 + Level 5.0 Fire Magic


You had 11 spell levels left.
You knew the following spells:

 Your Spells              Type           Power        Failure   Level  Hunger
a - Flame Tongue          Conj/Fire      ###..        1%          1    None
x - Throw Flame           Conj/Fire      ###...       3%          2    None


Dungeon Overview and Level Annotations

Branches:
Dungeon (3/15)

Altars:


Message History

You take 4 damage, and have 24/28 hp.
You now have 12/14 mp.
Aim: a goblin, wielding a dagger of protection (severely wounded)
The flame tongue misses the goblin.
The adder completely misses you. The goblin misses you.
You now have 11/14 mp.
Aim: a goblin, wielding a dagger of protection (severely wounded)
The flame tongue misses the goblin.
The adder barely misses you.
The goblin hits you with a dagger of protection.
The adder barely misses you.
You take 3 damage, and have 21/28 hp.
You now have 10/14 mp.
Aim: a goblin, wielding a dagger of protection (severely wounded)
The flame tongue hits the goblin.
You kill the goblin!
The adder misses you.
You now have 9/14 mp.
Aim: an adder The flame tongue hits the adder.
The adder bites you.
You take 2 damage, and have 19/28 hp.
You now have 8/14 mp.
Aim: an adder (almost dead)
The flame tongue hits the adder.
You kill the adder!
A - a dagger of protection
There is an open door here.
You see here a goblin corpse.
You start resting.
Eating one of 3 chunks of flesh {@w0}.
You eat one of the 3 chunks of flesh {@w0}.
All of the chunks of flesh in your inventory have rotted away.
Health restored: 28; MP restored: 14 A dart slug comes into view.
Wield which item (- for none, * to show all)? (? for menu, Esc to quit)
Okay, then.
The dart slug launches a dart at you. The slug dart misses you.
Aim: a dart slug The flame tongue hits the dart slug.
The dart slug launches a dart at you. The slug dart hits you!
You take 7 damage, and have 21/28 hp.
MASSIVE DAMAGE!!
You now have 13/14 mp.
Aim: a dart slug (lightly wounded)
The flame tongue hits the dart slug.
You now have 12/14 mp.
Aim: a dart slug (severely wounded)
The flame tongue hits the dart slug.
You kill the dart slug!
You now have 11/14 mp.
You see here a dart slug corpse.
You start resting.
A scorpion comes into view.
A scorpion is nearby!
No target in view!
No target in view!
A giant cockroach comes into view.
Found an escape hatch in the floor.
Aim: a giant cockroach (hasn't noticed you)
The flame tongue hits the giant cockroach.
You now have 12/14 mp.
Aim: a giant cockroach (severely wounded)
The flame tongue hits the giant cockroach.
You kill the giant cockroach!
You now have 11/14 mp.
Aim: a scorpion The flame tongue hits the scorpion.
You now have 10/14 mp.
Aim: a scorpion (heavily wounded)
The flame tongue hits the scorpion.
The scorpion appears unharmed.
Aim: a scorpion (heavily wounded)
The flame tongue hits the scorpion.
The scorpion appears unharmed.
The scorpion stings you!
You are poisoned.
The scorpion poisons you!
You take 8 damage, and have 15/28 hp.
MASSIVE DAMAGE!!
You now have 9/14 mp.
Aim: a scorpion (heavily wounded)
The flame tongue hits the scorpion.
You feel sick. The scorpion closely misses you.
You take 1 damage, and have 14/28 hp.
You now have 8/14 mp.
Aim: a scorpion (almost dead)
The flame tongue hits the scorpion.
The scorpion appears unharmed.
You feel sick. The scorpion stings you.
You take 4 damage, and have 10/28 hp.
You now have 7/14 mp.
Unknown command.
Aim: a scorpion (almost dead)
The flame tongue misses the scorpion.
You feel sick. The scorpion barely misses you.
You take 1 damage, and have 9/28 hp.
You now have 6/14 mp.
Aim: a scorpion (almost dead)
The flame tongue hits the scorpion.
The scorpion stings you!
* * * LOW HITPOINT WARNING * * *
You are more poisoned.
The scorpion poisons you!
You take 7 damage, and have 2/28 hp.
MASSIVE DAMAGE!!
You now have 5/14 mp.
Aim: a scorpion (almost dead)
The flame tongue misses the scorpion.
You die...

#..>.......#
#..........#
#..........#...#
#..........#.?.#
#..........#...#
#..........#...#
#.....s....#...# ##
#...@# #...# #.
##....#####...#######.
#.....................
#.####................
# .......?...†........
....#.#####...######.
#....+..............##
#... ########....##)##
#>.. ...........###(


You could see a scorpion.

Vanquished Creatures
  An orc wizard (D:3)
  Ijyb (D:2)
  Robin (D:3)
  3 adders
  A shadow imp (D:3)
  An ooze (D:3)
  2 worms
  2 dart slugs
  2 leopard geckos
  10 orcs (D:3)
  9 bats
  3 giant cockroaches
  17 goblins
  8 hobgoblins
  5 jackals
  A quokka (D:3)
  A ball python (D:2)
  2 frilled lizards (D:1)
  2 kobolds
  7 rats
79 creatures vanquished.

Notes
Turn   | Place    | Note
-------+----------+-------------------------------------------
     0 | D:1      | drasked the Deep Elf Fire Elementalist began the quest for the Orb.
     0 | D:1      | Reached XP level 1. HP: 10/10 MP: 6/6
   172 | D:1      | You fall through a shaft!
   215 | D:2      | Reached XP level 2. HP: 15/15 MP: 4/8
   219 | D:2      | Learned a level 2 spell: Throw Flame
   414 | D:2      | HP: 1/15 [dart slug/slug dart (4)]
   695 | D:2      | Reached skill level 4 in Fire Magic
   695 | D:2      | Reached XP level 3. HP: 19/19 MP: 7/10
   900 | D:2      | Noticed Ijyb
  1081 | D:1      | Reached skill level 4 in Spellcasting
  1225 | D:1      | Reached skill level 2 in Conjurations
  1483 | D:2      | HP: 4/19 [Ijyb/dagger of protection (4)]
  1488 | D:2      | Killed Ijyb
  1488 | D:2      | Reached XP level 4. HP: 3/24 MP: 2/12
  2651 | D:3      | Noticed Robin
  2928 | D:3      | Reached XP level 5. HP: 27/28 MP: 7/14
  3031 | D:3      | Killed Robin
  3031 | D:3      | Reached skill level 5 in Spellcasting
  3246 | D:3      | Reached skill level 5 in Fire Magic
  3251 | D:3      | Reached skill level 3 in Conjurations
  3548 | D:3      | HP: 2/28 [scorpion (8)]
  3549 | D:3      | Succumbed to a scorpion's poison

Vault maps used:
D:1:      grunt_arrival_lava_bath
D:2:      first_bread, minmay_octomino_j4, uniq_iyjb
D:3:      minmay_cut_off, uniq_crazy_yiuf_cottage, uniq_robin

Skill      XL: |  1  2  3  4  5 |
---------------+----------------+-----
Fire Magic     | 4 5 |  5.0
Spellcasting   | 4 5 |  5.2
Conjurations   | 2 3 |  3.1
Dodging        | |  2.4
Stealth        | |  2.4

Action                   |  1- 3 |  4- 6 || total
-------------------------+-------+-------++-------
Melee: Unarmed           |     1 |       ||     1
 Cast: Flame Tongue      |    65 |   121 ||   186
  Eat: Chunk             |     2 |     6 ||     8
Armor: Robe              |     3 |     6 ||     9
Dodge: Dodged            |    24 |    40 ||    64

Vault maps used:
D:1:      grunt_arrival_lava_bath
D:2:      first_bread, minmay_octomino_j4, uniq_iyjb
D:3:      minmay_cut_off, uniq_crazy_yiuf_cottage, uniq_robin

Table legend:
 A = Turns spent in this place as a percentage of turns spent in the entire game.
 B = Non-inter-level travel turns spent in this place as a percentage of non-inter-level travel turns spent in the entire game.
 C = Inter-level travel turns spent in this place as a percentage of turns spent in this place.
 D = Turns resting spent in this place as a percentage of non-inter-level travel turns spent in this place.
 E = Turns spent auto-exploring this place as a percentage of non-inter-level travel turns spent in this place.
 F = Non-inter-level travel turns spent in this place divided by the number of levels of this place that you've seen.
                   A       B       C       D       E      F
               +-------+-------+-------+-------+-------+----------------------
         Total | 100.0 | 100.0 |   0.4 |   3.4 |   6.7 | 394.7
       Dungeon | 100.0 | 100.0 |   0.4 |   3.4 |   6.7 | 394.7
               +-------+-------+-------+-------+-------+----------------------

Table legend:
 A = Kills in this place as a percentage of kills in entire the game.
 B = Kills by you in this place as a percentage of kills by you in the entire game.
 C = Kills by friends in this place as a percentage of kills by friends in the entire game.
 D = Other kills in this place as a percentage of other kills in the entire game.
 E = Experience gained in this place as a percentage of experience gained in the entire game.
 F = Experience gained in this place divided by the number of levels of this place that you have seen.
                   A       B       C       D       E      F
               +-------+-------+-------+-------+-------+----------------------
         Total | 100.0 | 100.0 |  -nan |  -nan | 100.0 |  99.0
       Dungeon | 100.0 | 100.0 |  -nan |  -nan | 100.0 |  99.0
               +-------+-------+-------+-------+-------+----------------------
